 Dungeon Crawl Stone Soup version 0.22-a0-580-gd5db89c (webtiles) character file.

1129540 Paulus the Conqueror (level 27, -18/216 HPs)
             Began as a Demonspawn Fighter on July 2, 2018.
             Was the Champion of Okawaru.
             Killed by the air
             ... invoked by a blizzard demon
              (21 damage)
             ... on level 7 of Cocytus on July 3, 2018.
             The game lasted 05:02:57 (80176 turns).

Paulus the Conqueror (Demonspawn Fighter)          Turns: 80176, Time: 05:02:59

Health: -18/216    AC: 49    Str: 43    XL:     27
Magic:  0/37       EV: 18    Int:  9    God:    Okawaru [******]
Gold:   8412       SH: 33    Dex: 27    Spells: 38/46 levels left

rFire    + + +     SeeInvis +   Q - +8 broad axe of the Wasp {freeze, rF+ MR+ Str+3}
rCold    + + .     Gourm    .   F - +4 large shield {reflect}
rNeg     . . .     Faith    .   C - +12 gold dragon scales
rPois    +         Spirit   +   m - +0 Maxwell's etheric cage {RegenMP+ *Contam rElec MP+4}
rElec    +         Reflect  +   v - +3 cloak "Pyaph" {Regen+ Stlth+}
rCorr    .         Harm     .   E - +0 pair of gloves of the Cricket {Str+3 Dex+3}
MR       +++..                  (boots unavailable)
Stlth    ..........             Z - amulet of Vesa {Spirit rF+}
HPRegen  0.86/turn              N - ring of the Okapi {rC+ Dex+9} MPRegen 0.75/turn*
                                r - ring "Acrus" {Str+5 Dex+3 SInv}

@: mighty, finesse, contaminated, glowing
A: talons 3, rugged brown scales 3, deterioration 1, dopey 2, frail 2, low mp 1,
mutation resistance 1, nightstalker 3, sense surroundings 1, powered by pain 3,
screaming 1, shaggy fur 1, electricity resistance, augmentation 3, no potion
heal 1, MP-powered wands
}: 12/15 runes: decaying, slimy, silver, iron, obsidian, abyssal, demonic,
glowing, magical, fiery, dark, gossamer
a: Heroism, Finesse, Renounce Religion


You were on level 7 of Cocytus.
You worshipped Okawaru.
Okawaru was exalted by your worship.
You were not hungry.

You visited 14 branches of the dungeon, and saw 72 of its levels.
You visited Pandemonium 1 time, and saw 23 of its levels.
You visited the Abyss 2 times.
You visited 1 bazaar.
You also visited: Trove, Volcano and Wizlab.

You collected 10975 gold pieces.
You spent 2563 gold pieces at shops.

Inventory:

Hand Weapons
 b - the +4 staff of Dispater
   (You took it off Dispater on level 7 of the Iron City of Dis)
 Q - the +8 broad axe of the Wasp (weapon) {freeze, rF+ MR+ Str+3}
   (You found it on level 3 of the Elven Halls)

   It has been specially enchanted to freeze those struck by it, causing extra
   injury to most foes and up to half again as much damage against particularly
   susceptible opponents.
   It can also slow down cold-blooded creatures.
   It affects your strength (+3).
   It protects you from fire.
   It affects your resistance to hostile enchantments.
 U - a +2 broad axe of flaming
Missiles
 J - a throwing net (quivered)
Armour
 m - the +0 Maxwell's etheric cage (worn) {RegenMP+ *Contam rElec MP+4}
   (You took it off Robin on level 3 of the Dungeon)

   It insulates you from electricity.
   It affects your magic capacity (+4).
   It causes magical contamination when unequipped.
 t - the +0 shield of Wutat {rCorr Int+2 Dex+3}
   (You found it in a wizard's laboratory)

   It affects your intelligence (+2).
   It affects your dexterity (+3).
   It protects you from acid and corrosion.
 v - the +3 cloak "Pyaph" (worn) {Regen+ Stlth+}
   (Okawaru gifted it to you on level 14 of the Dungeon)

   It increases your rate of regeneration.
   It makes you more stealthy.
 C - +12 gold dragon scales (worn)
 E - the +0 pair of gloves of the Cricket (worn) {Str+3 Dex+3}
   (Okawaru gifted it to you on level 2 of the Depths)

   It affects your strength (+3).
   It affects your dexterity (+3).
 F - a +4 large shield of reflection (worn)
Jewellery
 r - the ring "Acrus" (right hand) {Str+5 Dex+3 SInv}
   (You bought it in a shop on level 3 of the Vaults)

   [ring of dexterity]

   It affects your strength (+5).
   It affects your dexterity (+3).
   It lets you see invisible.
 N - the ring of the Okapi (left hand) {rC+ Dex+9}
   (You found it on level 1 of the Swamp)

   [ring of protection from cold]

   It affects your dexterity (+9).
   It protects you from cold.
 Z - the amulet of Vesa (around neck) {Spirit rF+}
   (You found it on level 6 of the Lair of Beasts)

   [amulet of guardian spirit]

   It causes incoming damage to be split between your health and magic.
   It protects you from fire.
Wands
 G - a wand of digging (42)
 P - a wand of random effects (8)
Scrolls
 a - 2 scrolls of brand weapon
 g - 9 scrolls of fear
 h - 16 scrolls of amnesia
 j - 11 scrolls of enchant weapon
 p - 5 scrolls of identify
 q - 20 scrolls of remove curse
 s - 36 scrolls of teleportation
 u - 10 scrolls of fog
 x - 6 scrolls of magic mapping
 y - 8 scrolls of immolation
 z - 7 scrolls of vulnerability
 A - 4 scrolls of silence
 B - 2 scrolls of summoning
 H - 11 scrolls of blinking
Potions
 c - a potion of magic
 d - 14 potions of might
 e - 5 potions of heal wounds
 i - 4 potions of lignification
 k - 2 potions of ambrosia
 l - 5 potions of agility
 o - 10 potions of haste
 w - 26 potions of curing
 D - 8 potions of flight
 L - 4 potions of cancellation
 O - 9 potions of brilliance
 R - 4 potions of berserk rage
 T - 2 potions of invisibility
 V - 5 potions of resistance
 X - 6 potions of mutation
Miscellaneous
 K - 5 phantom mirrors
Comestibles
 f - 79 rations
 n - 8 chunks of flesh


   Skills:
 O Level 27 Fighting
 O Level 27 Axes
 - Level 23.0 Armour
 - Level 10.2 Dodging
 - Level 23.0 Shields
 - Level 10.0 Spellcasting
 + Level 13.6 Necromancy
 + Level 11.6 Transmutations
 - Level 15.0 Invocations
 - Level 5.0 Evocations


You had 38 spell levels left.
You knew the following spells:

 Your Spells              Type           Power        Failure   Level  Hunger
a - Necromutation         Tmut/Necr      ####......   100%        8    #######

Your spell library contained the following spells:

 Spells                   Type           Power        Failure   Level  Hunger
 Cause Fear               Hex            #.........   100%        4    ####...
 Magic Dart               Conj           #...         63%         1    None
 Fireball                 Conj/Fire      #.........   100%        5    ######.
 Apportation              Tloc           #.....       63%         1    None
 Conjure Flame            Conj/Fire      #.......     94%         3    ##.....
 Bolt of Fire             Conj/Fire      #.........   100%        6    #######
 Bolt of Cold             Conj/Ice       #.........   100%        6    #######
 Lightning Bolt           Conj/Air       #.........   100%        5    ######.
 Bolt of Magma            Conj/Fire/Erth #.........   100%        5    ######.
 Slow                     Hex            #.......     77%         2    #......
 Confuse                  Hex            #.......     94%         3    ##.....
 Invisibility             Hex            #.......     100%        6    #######
 Throw Flame              Conj/Fire      #.....       77%         2    #......
 Throw Frost              Conj/Ice       #.....       77%         2    #......
 Controlled Blink         Tloc           N/A          100%        8    #######
 Freezing Cloud           Conj/Ice/Air   #.........   100%        6    #######
 Mephitic Cloud           Conj/Pois/Air  #.......     94%         3    ##.....
 Ring of Flames           Chrm/Fire      #.........   100%        7    #######
 Teleport Other           Tloc           #.......     94%         3    ##.....
 Death's Door             Chrm/Necr      ###.......   100%        8    #######
 Summon Small Mammal      Summ           #...         63%         1    None
 Bolt of Draining         Conj/Necr      ###.......   80%         5    ######.
 Blink                    Tloc           N/A          77%         2    #......
 Iskenderun's Mystic Bla  Conj           #.......     100%        4    ####...
 Animate Dead             Necr           N/A          3%          4    ####...
 Pain                     Necr           ####         1%          1    None
 Animate Skeleton         Necr           N/A          1%          1    None
 Vampiric Draining        Necr           ####......   1%          3    ##.....
 Haunt                    Necr/Summ      ###.......   100%        7    #######
 Borgnjor's Revivificati  Necr           ####......   100%        8    #######
 Freeze                   Ice            #...         63%         1    None
 Ozocubu's Refrigeration  Ice            #.........   100%        6    #######
 Sticky Flame             Conj/Fire      #.......     100%        4    ####...
 Summon Ice Beast         Ice/Summ       #.......     100%        4    ####...
 Ozocubu's Armour         Chrm/Ice       #.......     94%         3    ##.....
 Call Imp                 Summ           #.......     77%         2    #......
 Dispel Undead            Necr           ####....     9%          5    ######.
 Regeneration             Chrm/Necr      ###.......   16%         3    ##.....
 Tukima's Dance           Hex            #.......     94%         3    ##.....
 Summon Demon             Summ           #.........   100%        5    ######.
 Corpse Rot               Necr           N/A          1%          2    #......
 Iron Shot                Conj/Erth      #.........   100%        6    #######
 Stone Arrow              Conj/Erth      #.....       94%         3    ##.....
 Shock                    Conj/Air       #...         63%         1    None
 Swiftness                Chrm/Air       #.......     77%         2    #......
 Recall                   Summ/Tloc      N/A          94%         3    ##.....
 Spider Form              Tmut/Pois      ###.......   22%         3    ##.....
 Blade Hands              Tmut           ####......   19%         5    ######.
 Statue Form              Tmut/Erth      ###......    100%        6    #######
 Ice Form                 Ice/Tmut       ###.....     58%         4    ####...
 Dragon Form              Tmut           ####......   99%         7    #######
 Death Channel            Necr           ####......   43%         6    #######
 Deflect Missiles         Chrm/Air       #.........   100%        6    #######
 Throw Icicle             Conj/Ice       #.......     100%        4    ####...
 Shadow Creatures         Summ           N/A          100%        6    #######
 Confusing Touch          Hex            #.....       63%         1    None
 Flame Tongue             Conj/Fire      #....        63%         1    None
 Passwall                 Tmut/Erth      ###.....     11%         2    #......
 Ignite Poison            Fire/Tmut/Pois ##......     45%         3    ##.....
 Sticks to Snakes         Tmut           ####....     1%          2    #......
 Ensorcelled Hibernation  Hex/Ice        #.....       77%         2    #......
 Metabolic Englaciation   Hex/Ice        #.........   100%        5    ######.
 Summon Butterflies       Summ           #.......     63%         1    None
 Silence                  Hex/Air        #.........   100%        5    ######.
 Shatter                  Erth           #.........   100%        9    #######
 Dispersal                Tloc           #.........   100%        6    #######
 Static Discharge         Conj/Air       #.......     94%         3    ##.....
 Corona                   Hex            #......      63%         1    None
 Alistair's Intoxication  Tmut/Pois      ###.....     90%         5    ######.
 Lee's Rapid Deconstruct  Erth           #.........   100%        5    ######.
 Sandblast                Erth           #.....       63%         1    None
 Simulacrum               Ice/Necr       ###.......   100%        6    #######
 Portal Projectile        Hex/Tloc       #.....       94%         3    ##.....
 Petrify                  Tmut/Erth      ###.....     58%         4    ####...
 Passage of Golubria      Tloc           N/A          100%        4    ####...
 Malign Gateway           Summ/Tloc      #.........   100%        7    #######
 Tornado                  Air            #.........   100%        9    #######
 Leda's Liquefaction      Hex/Erth       #.........   100%        4    ####...
 Darkness                 Hex            #.........   100%        6    #######
 Shroud of Golubria       Chrm/Tloc      #.........   77%         2    #......
 Inner Flame              Hex/Fire       #.......     94%         3    ##.....
 Aura of Abjuration       Summ           #.........   100%        5    ######.
 Beastly Appendage        Tmut           ####..       1%          1    None
 Disjunction              Tloc           #.........   100%        8    #######
 Fulminant Prism          Conj/Hex       #.........   100%        4    ####...
 Dazzling Spray           Conj/Hex       #.....       94%         3    ##.....
 Force Lance              Conj/Tloc      #.......     100%        4    ####...
 Infusion                 Chrm           #...         63%         1    None
 Song of Slaying          Chrm           #.......     77%         2    #......
 Spectral Weapon          Hex/Chrm       #.......     94%         3    ##.....
 Searing Ray              Conj           #.....       77%         2    #......
 Discord                  Hex            #.........   100%        8    #######
 Summon Forest            Summ/Tloc      #.........   100%        5    ######.
 Summon Lightning Spire   Summ/Air       #.......     100%        4    ####...
 Summon Mana Viper        Hex/Summ       #.......     100%        5    ######.
 Hydra Form               Tmut           ####......   71%         6    #######
 Irradiate                Conj/Tmut      ###.......   90%         5    ######.
 Gell's Gravitas          Tloc           #.........   94%         3    ##.....
 Yara's Violent Unravell  Hex/Tmut       ###.......   90%         5    ######.
 Infestation              Necr           ####......   100%        8    #######
 Lesser Beckoning         Tloc           #.........   94%         3    ##.....
 Poisonous Vapours        Pois/Air       #.....       77%         2    #......
 Ignition                 Fire           #.........   100%        8    #######


Dungeon Overview and Level Annotations

Branches:
Dungeon (15/15)            Temple (1/1) D:6            Lair (6/6) D:10
  Swamp (4/4) Lair:3       Spider (4/4) Lair:2        Slime (5/5) Lair:5
    Orc (2/2) D:11            Elf (3/3) Orc:2        Vaults (5/5) D:13
  Crypt (0/3) Vaults:2     Depths (5/5) D:15           Hell (1/1)
    Dis (7/7) Hell            Geh (7/7) Hell            Coc (7/7) Hell
    Tar (0/7) Hell            Zot (0/5) Depths:5

Altars:
Ashenzari
Cheibriados
Dithmenos
Elyvilon
Fedhas
Gozag
Hepliaklqana
Kikubaaqudgha
Makhleb
Nemelex Xobeh
Okawaru
Qazlal
Ru
Sif Muna
Trog
Uskayaw
Vehumet
Wu Jian
Xom
Yredelemnul
Zin
The Shining One

Shops:
D:11 }   D:15 ?   Orc:2 [*[[(   Vaults:3 ?=?}   Depths:3 :

Portals:
Hell: Depths:1 Depths:2 Depths:3 Depths:4 Depths:5
Abyss: Depths:1 Depths:2 Depths:4 Depths:5
Pandemonium: Depths:3
Ziggurat: Depths:1

Annotations:
D:9 exclusion: ice statue


Innate Abilities, Weirdness & Mutations

You have claws for feet.
You are completely covered in rugged brown scales. (AC +3, +7% HP)
You are completely attuned to the shadows.
You are powered by pain.
Your magical and physical power is greatly enhanced at high health.
Your body sometimes deteriorates upon taking damage.
You are very dopey. (Int -4)
You are very frail. (-20% HP)
Your magical capacity is low. (-10% MP)
You are somewhat resistant to further mutation.
You passively map a small area around you.
You occasionally shout uncontrollably at your foes.
You are covered in fur. (AC +1)
You are resistant to electric shocks. (rElec)
Potions are less effective at restoring your health.
You expend magic power (3 MP) to strengthen your wands.


Message History

* * * LOW HITPOINT WARNING * * *
Your system partially rejects the healing.
You feel much better.
You are engulfed in freezing vapours.
You resist.
* * * LOW HITPOINT WARNING * * *
The blizzard demon is engulfed in freezing vapours.
The Ice Fiend claws you but does no damage.
You block the Ice Fiend's attack.
Your system partially rejects the healing.
You feel much better.
You are engulfed in freezing vapours.
You resist. The blizzard demon gestures at you.
The bolt of lightning misses you.
The blizzard demon is engulfed in freezing vapours.
The Ice Fiend claws you!
* * * LOW HITPOINT WARNING * * *
The Ice Fiend freezes you! You resist.
* * * LOW HITPOINT WARNING * * *
The Ice Fiend closely misses you.
The blizzard demon waves its arms in wide circles.
The air twists around and strikes you!
You die...

*≈≈≈≈≈.####.≈.#########.≈.
**≈≈≈.#....#.##*******##.#
*≈≈≈.#......##*,,,,,,**##.
*≈≈,#........#*,,*,,,,**,,
*≈≈.#....#...#,,*,*,,,**,,
*≈≈≈.#......2',,,***,,**,,
*≈≈.#...§#2§.#,,,,*,*,**,,
*≈≈.#....11§.#*,,,,*,,**,,
*≈≈≈.#...@2§##*,,,,,,,***,
**≈≈≈.#....#.#***,,,****,*
*≈≈≈≈≈.#..#.≈.*********,≈,
*≈≈≈≈≈≈....≈≈≈,*,,,,,*,≈≈≈
*≈≈≈≈≈≈≈≈≈≈≈≈.*,,,,,,,*,≈≈
*≈≈≈≈≈≈≈≈≈≈≈.*,,,,,,,,,*,≈
**≈≈≈≈≈≈≈≈≈≈.*,,,*,*,,,*,≈
*≈≈≈≈≈≈≈≈≈≈≈.*,,,,,,,,,*,≈
**≈≈≈≈≈≈≈≈≈≈,*,,,,,,,,,*,≈


You could see 2 Ice Fiends and 3 blizzard demons.

Vanquished Creatures
  Cerebov (Pan)
  Asmodeus (Geh:7)
  8 pandemonium lords (Pan)
  the Royal Jelly (Slime:5)
  Gloorx Vloq (Pan)
  Lom Lobon (Pan)
  the Serpent of Hell (Dis:7)
  Mnoleg (Pan)
  Dispater (Dis:7)
  2 ancient liches
  Mennas (Depths:3)
  A greater mummy (WizLab)
  10 shard shrikes
  Xtahua (Vaults:2)
  Saint Roka (Depths:2)
  Geryon (Hell)
  4 golden dragons
  the Enchantress (Depths:3)
  2 bone dragons
  7 liches
  31 Brimstone Fiends
  6 iron giants (Dis:7)
  8 Tzitzimimeh
  7 tentacled monstrosities
  12 Ice Fiends
  13 Hell Sentinels
  Asterion (Spider:3)
  4 deep elf blademasters
  5 titans
  6 quicksilver dragons
  17 acid blobs
  The ghost of kae the Severer, an adept HOFi of Makhleb (Spider:4)
  A deep elf master archer (Elf:3)
  9 tentacled starspawn
  6 eldritch tentacles
  8 ancient champions
  18 Executioners
  Gastronok (Lair:1)
  The ghost of Asamotow the Fencer, an adept DsWn of Okawaru (Spider:4)
  7 thorn hunters
  3 sphinxes
  6 storm dragons
  5 tengu reavers
  9 azure jellies
  7 fire giants
  A shadow dragon (Vaults:5)
  5 blood saints (Pan)
  11 vault wardens
  5 deep elf sorcerers
  A revenant (Depths:1)
  6 emperor scorpions
  10 warmongers (Pan)
  18 cacodemons
  3 ghost moths
  5 black suns (Pan)
  5 spriggan defenders
  33 balrugs
  10 frost giants
  2 curse skulls (Pan)
  6 iron dragons (Dis:7)
  An angel (Depths:1)
  14 ironheart preservers
  58 reapers
  5 draconian stormcallers
  4 draconian annihilators
  20 stone giants
  3 deep elf elementalists (Elf:3)
  6 corrupters (Pan)
  30 very ugly things
  28 war gargoyles
  3 vampire knights
  Azrael (Spider:3)
  2 entropy weavers
  7 deep elf demonologists
  A black draconian (Abyss:1)
  4 deep elf annihilators
  3 spark wasps
  13 lorocyprocas
  A white draconian (Depths:5)
  3 yellow draconians (Depths:5)
  3 eidola
  14 ettins
  A crystal guardian (Vaults:2)
  4 death oozes (Slime:5)
  8 fire dragons
  3 mummy priests (WizLab)
  Snorg (Lair:5)
  21 blizzard demons
  2 jiangshi (Depths:3)
  4 kraken zombies
  A merfolk impaler (Depths:4)
  10 deep elf death magi
  5 quicksilver dragon zombies
  12 great orbs of eyes
  7 green deaths (Pan)
  6 quicksilver dragon skeletons
  9 deep elf high priests
  20 ice dragons
  11 yaktaur captains
  Fannar (Lair:1)
  6 monstrous demonspawn (Pan)
  33 hydras
  4 rakshasas
  The ghost of Oropasm the Slinger, a journeyman SpBe of Trog (D:14)
  A spriggan air mage (Depths:2)
  24 vault guards (Vaults:5)
  3 hell beasts (Pan)
  2 catoblepae
  4 ghost crabs
  15 ogre magi
  5 death knights
  11 centaur warriors
  48 two-headed ogres
  33 dancing weapons
  8 death scarabs (Spider:4)
  10 deep troll earth magi
  12 deep troll shamans
  6 death yaks
  A satyr (Abyss:3)
  13 alligators
  9 titan zombies
  45 large abominations
  3 vampire magi
  4 tengu warriors
  Nergalle (Orc:1)
  8 thrashing horrors
  Urug (Lair:2)
  3 shock serpents (Pan)
  23 hell hogs
  27 soul eaters
  A spriggan berserker (Depths:5)
  52 sun demons
  6 wretched stars
  4 storm dragon zombies
  2 spectral emperor scorpions (Spider:4)
  14 iron golems
  2 orc high priests (Orc:1)
  17 deep elf knights
  A spark wasp zombie (WizLab)
  11 spriggans
  77 skeletal warriors
  3 titan skeletons
  10 iron trolls
  A spatial maelstrom (Abyss:1)
  5 golden dragon zombies
  6 storm dragon skeletons
  58 hell knights
  32 sixfirhies
  A death drake (Depths:2)
  11 shadow demons
  An obsidian statue (Depths:1)
  9 torturous demonspawn (Pan)
  2 spriggan druids
  46 deep trolls
  15 swamp dragons
  7 gelid demonspawn (Pan)
  7 unseen horrors
  11 glowing orange brains
  2 orange crystal statues (Depths:2)
  5 shadow wraiths
  7 infernal demonspawn (Pan)
  2 lindwurms (Lair:6)
  8 shadow dragon zombies
  6 flayed ghosts
  3 shambling mangroves
  13 anaconda zombies
  11 deep elf archers
  9 ironbrand convokers
  8 wolf spider zombies
  16 orc knights
  A kraken simulacrum (Coc:7)
  6 wizards
  2 tengu zombies
  5 harpies (Vaults:4)
  8 phantasmal warriors
  9 anaconda skeletons
  25 necromancers
  2 spectral hydras (Depths:2)
  3 spectral wolf spiders (Spider:4)
  18 orb spiders
  5 golden dragon skeletons
  A mana viper (Depths:2)
  57 deep elf magi
  51 ugly things
  13 stone giant zombies
  10 cyclopes
  5 manticores
  3 iron dragon zombies
  4 shadow dragon skeletons
  3 salamanders (Volcano)
  14 frost giant zombies
  A manticore (shapeshifter) (D:15)
  3 oklob plants
  7 elephants
  An orc sorcerer (Vaults:1)
  6 fire giant zombies
  6 iron dragon skeletons
  3 shining eyes
  4 worldbinders
  44 wolf spiders
  A spriggan zombie (WizLab)
  8 frost giant skeletons
  34 rust devils
  2 moths of wrath (Spider:4)
  A torpor snail (Lair:6)
  An ice statue (Vaults:3)
  3 dire elephant zombies
  A titan simulacrum (Coc:7)
  3 fire giant skeletons
  A guardian serpent (Abyss:3)
  An eye of devastation (Slime:4)
  10 molten gargoyles
  6 black mambas
  An apocalypse crab (Abyss:3)
  6 stone giant skeletons
  53 smoke demons
  11 vault sentinels
  6 storm dragon simulacra
  2 shock serpent skeletons
  8 centaur zombies
  26 orange demons
  43 hellions
  A gargoyle (D:14)
  19 spiny frogs
  4 rime drakes
  A kobold demonologist (D:15)
  3 emperor scorpion zombies
  12 komodo dragons
  2 dire elephant skeletons
  A redback zombie (Spider:4)
  2 rime drakes (shapeshifter)
  20 freezing wraiths
  30 demonic crawlers
  45 tormentors
  A black draconian skeleton (Geh:1)
  58 yaktaurs
  A yaktaur skeleton (Vaults:4)
  5 spectral merfolk (Depths:2)
  4 anaconda simulacra
  2 harpy zombies
  9 efreet
  A guardian mummy (WizLab)
  33 hellwings (Pan)
  25 starcursed masses
  33 ice devils
  3 yaktaur zombies
  4 ancient zymes (Abyss:3)
  A queen bee (shapeshifter) (D:15)
  10 hydra zombies
  3 trolls (shapeshifter)
  9 trolls
  A polar bear (shapeshifter) (Vaults:3)
  43 red devils
  2 tengu conjurers
  40 jumping spiders
  21 hornets
  2 meliai (shapeshifter)
  6 meliai (D:14)
  3 spectral tarantellas (Spider:4)
  A wind drake (shapeshifter) (Vaults:2)
  A harpy skeleton (Geh:4)
  A wolf spider simulacrum (D:15)
  A shadow dragon simulacrum (Vaults:4)
  10 hydra skeletons
  A sphinx simulacrum (Vaults:3)
  2 blink frogs (shapeshifter)
  9 small abominations
  A spectral jumping spider (Spider:4)
  7 tyrant leeches
  10 raiju
  9 bog bodies
  26 blink frogs
  3 tarantella zombies (Spider:4)
  9 ice dragon zombies
  13 dream sheep
  3 jumping spider zombies (Spider:4)
  78 slime creatures
  7 fire dragon zombies
  A snapping turtle (shapeshifter) (Depths:2)
  A fire giant simulacrum (Hell)
  2 hippogriffs (shapeshifter)
  9 ettin zombies
  6 hippogriffs
  A meliai zombie (D:13)
  82 flying skulls
  9 alligator zombies
  A fire dragon skeleton (Geh:4)
  31 shadows
  26 tarantellas
  4 black mamba zombies
  6 ettin skeletons
  4 air elementals
  40 fire elementals
  38 wraiths
  8 wyverns
  An alligator skeleton (Geh:1)
  4 ice dragon skeletons
  57 redbacks
  33 ynoxinuls
  4 basilisks
  4 hungry ghosts
  2 vampires (Depths:2)
  15 water elementals
  A human (D:7)
  4 golden eyes
  4 hogs (D:7)
  20 fire bats
  43 yaks
  16 vampire mosquitoes
  19 neqoxecs
  27 chaos spawn
  A black mamba skeleton (Geh:2)
  6 human zombies
  4 spatial vortices
  2 merfolk zombies
  2 human simulacra (Vaults:4)
  9 wargs
  2 nagas (shapeshifter)
  19 swamp worms
  23 insubstantial wisps
  2 acid dragons
  13 water moccasins
  9 spiny frog zombies
  5 hydra simulacra
  A soldier ant (shapeshifter) (Vaults:3)
  A soldier ant (D:12)
  2 spectral spriggans (Depths:2)
  2 floating eyes
  93 hell hounds
  12 swamp drakes
  11 porcupines
  A spectral hornet (Spider:4)
  A hornet zombie (Spider:4)
  9 phantoms
  3 sky beasts
  3 spiny frog skeletons
  2 black bears (shapeshifter)
  5 eyes of draining
  12 ice beasts
  60 orc warriors
  2 alligator simulacra (Hell)
  An ettin simulacrum (Vaults:4)
  A black bear (D:4)
  An eye of draining (shapeshifter) (Depths:3)
  A swamp dragon zombie (Dis:7)
  A black mamba simulacrum (Coc:7)
  8 snapping turtle zombies
  10 necrophages
  A manticore zombie (Coc:7)
  31 ogres
  4 snapping turtle skeletons
  12 wolves
  3 human skeletons
  26 centaurs
  22 crocodiles
  2 swamp dragon skeletons
  4 big kobolds
  10 bullfrogs
  An elf zombie (Geh:7)
  2 wyvern zombies (D:13)
  A merfolk simulacrum (Depths:2)
  4 earth elementals
  A spiny frog simulacrum (Coc:4)
  3 wyvern skeletons
  A glowing shapeshifter simulacrum (Vaults:4)
  3 scorpions
  3 spectral nagas (Depths:2)
  6 spectral ogres (Depths:2)
  8 killer bees
  85 wights
  A troll skeleton (Coc:1)
  5 electric eels
  3 howler monkeys
  4 jellies
  18 crimson imps
  2 bullfrog zombies (D:13)
  2 kobold zombies
  5 quasits
  3 centaur skeletons
  3 hounds
  18 orc priests
  22 orc wizards
  4 bullfrog skeletons
  2 iguanas (Lair:3)
  16 iron imps
  Natasha (twice) (D:2)
  8 worker ants
  A killer bee zombie (D:6)
  2 naga zombies
  A tengu skeleton (Geh:1)
  A naga skeleton (Hell)
  An ogre skeleton (Geh:7)
  2 hound zombies
  2 hound skeletons
  A mummy (Dis:2)
  3 worker ant zombies
  Robin (D:3)
  A howler monkey skeleton (D:9)
  7 gnolls
  8 adders
  4 shadow imps
  13 white imps
  An ufetubus (Abyss:3)
  2 oozes
  2 adder skeletons
  An adder zombie (D:5)
  2 worms
  A ball lightning (Pan)
  2 dart slugs (D:1)
  4 leopard geckos
  110 orcs
  A giant cockroach (D:7)
  14 hobgoblins
  18 jackals
  5 quokkas
  8 bats
  5 frilled lizards
  11 goblins
  A jackal skeleton (D:6)
  23 kobolds
  2 leopard gecko skeletons (D:4)
  An orc skeleton (Geh:1)
  An orc zombie (Geh:7)
  4 rats
  3 briar patches
  2 crawling corpses (Elf:3)
  A fire vortex (Geh:6)
  3 fungi
  3 lurking horrors (Abyss:3)
  15 plants
  3 starspawn tentacles
  8 tentacles
4295 creatures vanquished.

Vanquished Creatures (others)
  A shard shrike (Coc:5)
  2 eldritch tentacles
  A blood saint (Pan)
  An ironheart preserver (Vaults:4)
  A centaur warrior (Vaults:4)
  A deep troll earth mage (Vaults:4)
  A hell hog (Abyss:2)
  A skeletal warrior (Hell)
  A deep elf mage (Elf:1)
  A hellwing (Pan)
  A hornet (Swamp:4)
  A tyrant leech (Swamp:4)
  A fire bat (Pan)
  A black mamba skeleton (Geh:6)
  A hell hound (Geh:2)
  A wight (Geh:3)
  6 ball lightnings (Pan)
  An orc (Orc:1)
  A block of ice (Pan)
  2 briar patches (Swamp:4)
  7 fungi (Lair:5)
  7 plants
  10 starspawn tentacles
  20 tentacles
  2 withered plants (Spider:4)
73 creatures vanquished.

Grand Total: 4368 creatures vanquished

Notes
Turn   | Place    | Note
-------+----------+-------------------------------------------
     0 | D:1      | Paulus the Demonspawn Fighter began the quest for the Orb.
     0 | D:1      | Reached XP level 1. HP: 18/18 MP: 1/1
    56 | D:1      | Gained mutation: You sometimes gain a little power by taking damage. [demonic ancestry]
    56 | D:1      | Reached XP level 2. HP: 12/24 MP: 2/2
   984 | D:2      | Gained mutation: You are partially covered in rugged brown scales. (AC +1, +3% HP) [demonic ancestry]
   984 | D:2      | Reached XP level 3. HP: 24/29 MP: 3/3
  1239 | D:2      | Found a blossoming altar of Fedhas.
  1465 | D:2      | Noticed Natasha
  1473 | D:2      | Killed Natasha
  1473 | D:2      | Gained mutation: You have sharp toenails. [demonic ancestry]
  1473 | D:2      | Reached XP level 4. HP: 23/38 MP: 4/4
  1550 | D:2      | Noticed Natasha
  1561 | D:2      | Killed Natasha
  2350 | D:3      | Found a shattered altar of Ashenzari.
  2463 | D:3      | Noticed Robin
  2468 | D:3      | Reached XP level 5. HP: 43/43 MP: 5/5
  2478 | D:3      | Killed Robin
  3112 | D:4      | Noticed an ogre
  3124 | D:4      | Killed an ogre
  3124 | D:4      | Reached XP level 6. HP: 35/50 MP: 6/6
  3967 | D:4      | Reached XP level 7. HP: 41/56 MP: 7/7
  4141 | D:4      | Reached skill level 5 in Fighting
  4141 | D:4      | Reached skill level 5 in Axes
  4167 | D:5      | Entered Level 5 of the Dungeon
  4964 | D:6      | Reached XP level 8. HP: 54/64 MP: 8/8
  5040 | D:6      | Found a staircase to the Ecumenical Temple.
  5520 | Temple   | Entered the Ecumenical Temple
  5554 | Temple   | Became a worshipper of Warmaster Okawaru
  6537 | D:7      | Reached * piety under Okawaru
  6555 | D:7      | Gained mutation: You sometimes gain power by taking damage. [demonic ancestry]
  6555 | D:7      | Reached XP level 9. HP: 36/74 MP: 9/9
  6955 | D:7      | Reached ** piety under Okawaru
  7278 | D:6      | Found a stormy altar of Qazlal.
  7445 | D:8      | Reached skill level 1 in Invocations
  7451 | D:8      | Noticed a two-headed ogre
  7465 | D:8      | Killed a two-headed ogre
  7465 | D:8      | Reached *** piety under Okawaru
  7465 | D:8      | Reached skill level 10 in Axes
  7472 | D:8      | Gained mutation: You are slightly more attuned to the shadows. [demonic ancestry]
  7472 | D:8      | Reached XP level 10. HP: 42/84 MP: 4/12
  8180 | D:8      | Noticed a two-headed ogre
  8191 | D:8      | Killed a two-headed ogre
  8191 | D:8      | Reached **** piety under Okawaru
  8191 | D:8      | Reached skill level 10 in Fighting
  8246 | D:8      | Noticed a two-headed ogre
  8265 | D:8      | Killed a two-headed ogre
  9228 | D:9      | Noticed an ice statue
  9505 | D:10     | Entered Level 10 of the Dungeon
  9580 | D:10     | Found a staircase to the Lair.
  9881 | D:10     | Found a hazy altar of Hepliaklqana.
  9919 | D:10     | Gained mutation: You have razor-sharp toenails. [demonic ancestry]
  9919 | D:10     | Reached XP level 11. HP: 78/94 MP: 16/16
 10408 | Lair:1   | Entered Level 1 of the Lair of Beasts
 10473 | Lair:1   | Noticed Gastronok
 10489 | Lair:1   | Killed Gastronok
 10489 | Lair:1   | Reached ***** piety under Okawaru
 10489 | Lair:1   | Reached skill level 5 in Armour
 10760 | Lair:1   | Noticed Fannar
 10785 | Lair:1   | Killed Fannar
 10785 | Lair:1   | Reached skill level 1 in Evocations
 11160 | Lair:1   | Reached skill level 5 in Shields
 11695 | Lair:2   | Noticed a seven-headed hydra
 11713 | Lair:2   | Noticed Urug
 11720 | Lair:2   | Received a gift from Okawaru
 11745 | Lair:2   | Killed Urug
 11966 | Lair:2   | Found a hole to the Spider Nest.
 11981 | Lair:2   | Killed a seven-headed hydra
 12336 | Lair:2   | Noticed a six-headed hydra
 12340 | Lair:2   | Killed a six-headed hydra
 12340 | Lair:2   | Reached XP level 12. HP: 88/103 MP: 17/17
 12374 | Lair:2   | Received a gift from Okawaru
 12377 | Lair:2   | Got a shimmering war axe {god gift}
 12378 | Lair:2   | Identified the +1 war axe of Conscience {speed, *Slow rF+ Str+7 SInv} (Okawaru gifted it to you on level 2 of the Lair of Beasts)
 12562 | Lair:2   | Reached skill level 5 in Evocations
 13647 | Lair:3   | Found a staircase to the Swamp.
 13647 | Lair:3   | Noticed a seven-headed hydra
 13651 | Lair:3   | Killed a seven-headed hydra
 13695 | Lair:3   | Received a gift from Okawaru
 13773 | Lair:3   | Found a dark tunnel.
 13787 | Volcano  | Entered a volcano
 13834 | Volcano  | Noticed a two-headed ogre
 13834 | Volcano  | Noticed a two-headed ogre
 13840 | Volcano  | Killed a two-headed ogre
 13846 | Volcano  | Killed a two-headed ogre
 14320 | Volcano  | Noticed a two-headed ogre
 14332 | Volcano  | Killed a two-headed ogre
 14400 | Volcano  | Noticed a two-headed ogre
 14409 | Volcano  | Killed a two-headed ogre
 14409 | Volcano  | Gained mutation: You are significantly more attuned to the shadows. [demonic ancestry]
 14409 | Volcano  | Reached XP level 13. HP: 103/112 MP: 18/18
 14429 | Volcano  | Noticed a fire dragon
 14444 | Volcano  | Killed a fire dragon
 15006 | Lair:3   | Received a gift from Okawaru
 16194 | Lair:5   | Reached ****** piety under Okawaru
 16252 | Lair:5   | Received a gift from Okawaru
 16364 | Lair:5   | Found a shattered altar of Ashenzari.
 16834 | Lair:5   | Noticed Snorg
 16844 | Lair:5   | Killed Snorg
 17872 | Lair:5   | Found a staircase to the Slime Pits.
 17987 | Lair:6   | Entered Level 6 of the Lair of Beasts
 18131 | Lair:6   | Gained mutation: You are powered by pain. [demonic ancestry]
 18131 | Lair:6   | Reached XP level 14. HP: 122/123 MP: 19/19
 18325 | Lair:6   | Received a gift from Okawaru
 18756 | Lair:6   | Reached skill level 1 in Dodging
 19211 | Lair:6   | Reached skill level 5 in Dodging
 19230 | Lair:6   | Got an ancient iron amulet
 19237 | Lair:6   | Identified the amulet of Vesa {Spirit rF+} (You found it on level 6 of the Lair of Beasts)
 20094 | D:11     | Received a gift from Okawaru
 20117 | D:11     | Got an ancient tin ring
 20127 | D:11     | Identified the ring of the Death Scarab {MR+ EV+5 Int+4} (You took it off a centaur warrior on level 11 of the Dungeon)
 20346 | D:11     | Got a coiled silver ring
 20356 | D:11     | Got a sparkling marble ring
 20361 | D:11     | Got a shimmering silver ring
 20609 | D:11     | Found Sudem's Gadget Boutique.
 20626 | D:11     | Identified the ring "Gec Lelas" {rElec Str+6 Dex+2} (You found it on level 11 of the Dungeon)
 20628 | D:11     | Identified the ring "Dithreag" {*Corrode rPois MR+ Str+4 Dex+3} (You found it on level 11 of the Dungeon)
 20630 | D:11     | Identified the ring "Luowkig" {Ice rElec MR+ Str-3 Int+2} (You found it on level 11 of the Dungeon)
 20793 | D:11     | Found a staircase to the Orcish Mines.
 22127 | D:13     | Reached skill level 15 in Axes
 22342 | D:13     | Reached XP level 15. HP: 113/130 MP: 20/20
 22657 | D:13     | Received a gift from Okawaru
 22744 | D:13     | Reached skill level 15 in Fighting
 22755 | D:13     | Found a gate to the Vaults.
 23936 | D:14     | Found a large runed door.
 23949 | D:14     | Received a gift from Okawaru
 23976 | D:14     | Got a shimmering cloak {god gift}
 23987 | D:14     | Identified the +3 cloak "Pyaph" {Regen+ Stlth+} (Okawaru gifted it to you on level 14 of the Dungeon)
 24009 | D:14     | Found a large runed door.
 24077 | D:14     | Found a bloodstained altar of Trog.
 24258 | D:14     | Noticed Oropasm's ghost (journeyman SpBe)
 24276 | D:14     | Killed Oropasm's ghost
 24310 | D:15     | Entered Level 15 of the Dungeon
 24960 | D:15     | Found Dixtib's Magic Scroll Shop.
 24966 | D:15     | Bought a scroll of enchant armour for 105 gold pieces
 24966 | D:15     | Bought a scroll of identify for 28 gold pieces
 24966 | D:15     | Bought a scroll of teleportation for 42 gold pieces
 24966 | D:15     | Bought a scroll of blinking for 105 gold pieces
 24966 | D:15     | Bought a scroll of identify for 28 gold pieces
 24966 | D:15     | Bought a scroll of teleportation for 42 gold pieces
 25028 | D:15     | Found a snail-covered altar of Cheibriados.
 25176 | D:15     | Gained mutation: You have claws for feet. [demonic ancestry]
 25176 | D:15     | Reached XP level 16. HP: 141/142 MP: 21/21
 25178 | D:15     | Found a staircase to the Depths.
 25700 | Orc:1    | Entered Level 1 of the Orcish Mines
 25731 | Orc:1    | Received a gift from Okawaru
 25990 | Orc:1    | Noticed Nergalle
 26007 | Orc:1    | Killed Nergalle
 26014 | Orc:1    | Reached skill level 10 in Shields
 26272 | Orc:2    | Entered Level 2 of the Orcish Mines
 26307 | Orc:2    | Found Ingeliti's Armour Shoppe.
 26480 | Orc:2    | Found Loabb's Armour Shop.
 26480 | Orc:2    | Found Porug's Antique Armour Emporium.
 26480 | Orc:2    | Found Efurphiu's Assorted Antiques.
 26486 | Orc:2    | Found Plog's Antique Weapon Boutique.
 26496 | Orc:2    | Bought a potion of might for 132 gold pieces
 26496 | Orc:2    | Bought a potion of heal wounds for 165 gold pieces
 26496 | Orc:2    | Bought a potion of might for 132 gold pieces
 27034 | Orc:2    | Found a staircase to the Elven Halls.
 27273 | Spider:1 | Entered Level 1 of the Spider Nest
 27303 | Spider:1 | Reached skill level 10 in Armour
 27819 | Spider:1 | Reached skill level 10 in Invocations
 28156 | Spider:1 | Received a gift from Okawaru
 29395 | Spider:3 | Noticed Asterion
 29417 | Spider:3 | Killed Asterion
 29417 | Spider:3 | Received a gift from Okawaru
 30069 | Spider:3 | Noticed Azrael
 30077 | Spider:3 | Gained mutation: You are mostly covered in rugged brown scales. (AC +2, +5% HP) [demonic ancestry]
 30077 | Spider:3 | Reached XP level 17. HP: 122/154 MP: 24/24
 30081 | Spider:3 | Killed Azrael
 30081 | Spider:3 | Received a gift from Okawaru
 30238 | Spider:4 | Entered Level 4 of the Spider Nest
 31198 | Spider:4 | Found a runed gate.
 31198 | Spider:4 | Found a runed gate.
 31204 | Spider:4 | Found a runed gate.
 31206 | Spider:4 | Noticed kae's ghost (adept HOFi)
 31206 | Spider:4 | Noticed Asamotow's ghost (adept DsWn)
 31261 | Spider:4 | Gained mutation: Your magical and physical power is slightly enhanced at high health. [demonic ancestry]
 31261 | Spider:4 | Reached XP level 18. HP: 136/163 MP: 25/25
 31306 | Spider:4 | Received a gift from Okawaru
 31895 | Spider:4 | Got a gossamer rune of Zot
 32000 | Spider:4 | Received a gift from Okawaru
 32106 | Spider:4 | Killed Asamotow's ghost
 32112 | Spider:4 | Killed kae's ghost
 32368 | Swamp:1  | Entered Level 1 of the Swamp
 32672 | Swamp:1  | Found a transporter.
 32979 | Swamp:1  | Found a transporter.
 33085 | Swamp:1  | Got a clouded turquoise ring
 33086 | Swamp:1  | Identified the ring "Hiurgh" {Wiz rPois rF- Str+3 Dex+2} (You found it on level 1 of the Swamp)
 33099 | Swamp:1  | Got a faintly glowing golden ring
 33100 | Swamp:1  | Identified the ring of the Okapi {rC+ Dex+9} (You found it on level 1 of the Swamp)
 33105 | Swamp:1  | Got a slimy hand axe
 33450 | Swamp:2  | Reached XP level 19. HP: 171/171 MP: 26/26
 33968 | Swamp:2  | Identified the cursed +0 large shield of Insurance {+Inv MR+ Stlth-} (You found it on level 2 of the Swamp)
 34191 | Swamp:2  | Received a gift from Okawaru
 35359 | Swamp:4  | Entered Level 4 of the Swamp
 36409 | Swamp:4  | Received a gift from Okawaru
 36667 | Swamp:4  | Received a gift from Okawaru
 36862 | Swamp:4  | Got a decaying rune of Zot
 37481 | Vaults:1 | Entered Level 1 of the Vaults
 37814 | Vaults:1 | Gained mutation: Your magical and physical power is enhanced at high health. [demonic ancestry]
 37814 | Vaults:1 | Reached XP level 20. HP: 176/180 MP: 27/27
 37829 | Vaults:1 | Found a magical portal.
 37849 | WizLab   | Entered Doroklohe's Tomb
 37868 | WizLab   | Received a gift from Okawaru
 38095 | WizLab   | Noticed a greater mummy
 38113 | WizLab   | Killed a greater mummy
 38161 | WizLab   | Got a jewelled plate armour
 38378 | WizLab   | Identified the cursed +0 plate armour of Wisdom {rElec rC+ MR+ Str+3} (You took it off a mummy priest in a wizard's laboratory)
 38408 | WizLab   | Got a pitted shield
 38425 | WizLab   | Got a polished plate armour
 38443 | WizLab   | Found the +4 robe of Augmentation {Str+4 Int+4 Dex+4}
 38530 | Vaults:1 | Identified the +0 shield of Wutat {rCorr Int+2 Dex+3} (You found it in a wizard's laboratory)
 38552 | Vaults:1 | Identified the +10 plate armour "Ypoffav" {+Inv rC+ rN+ Dex-3} (You found it in a wizard's laboratory)
 39918 | Vaults:2 | Received a gift from Okawaru
 39960 | Vaults:2 | Noticed Xtahua
 39969 | Vaults:2 | Killed Xtahua
 40175 | Vaults:2 | Found a staircase to the Crypt.
 40896 | Vaults:2 | Received a gift from Okawaru
 40899 | Vaults:2 | Got a transparent shield {god gift}
 40910 | Vaults:2 | Identified the -5 shield of Egessuy {*Corrode +Fly rPois Regen+} (Okawaru gifted it to you on level 2 of the Vaults)
 41180 | Vaults:3 | Found Gaos's Magic Scroll Shoppe.
 41199 | Vaults:3 | Bought a scroll of teleportation for 42 gold pieces
 41199 | Vaults:3 | Bought a scroll of teleportation for 42 gold pieces
 41199 | Vaults:3 | Bought a scroll of teleportation for 42 gold pieces
 41201 | Vaults:3 | Found Haismi's Gadget Shoppe.
 41249 | Vaults:3 | Reached skill level 15 in Shields
 41305 | Vaults:3 | Reached XP level 21. HP: 181/189 MP: 28/28
 41692 | Vaults:3 | Found a gateway to a bazaar.
 41705 | Bazaar   | Entered a bazaar
 41707 | Bazaar   | Found Ekojukk's Weapon Shoppe.
 41707 | Bazaar   | Found Sutut's Antique Weapon Emporium.
 41709 | Bazaar   | Found Goep's Antique Weapon Shoppe.
 41725 | Bazaar   | Found Ipsafaap's Magic Scroll Emporium.
 41731 | Bazaar   | Bought a scroll of blinking for 112 gold pieces
 41731 | Bazaar   | Bought a scroll of teleportation for 45 gold pieces
 41752 | Bazaar   | Bought a scroll of acquirement for 780 gold pieces
 41766 | Vaults:3 | Got a crystal broad axe
 41767 | Vaults:3 | Identified the +2 broad axe of Qukoifuse {chop, rF+ MR+} (You acquired it on level 3 of the Vaults)
 41831 | Vaults:3 | Found Siuwk's Jewellery Shop.
 41904 | Vaults:3 | Bought the ring "Acrus" {Str+5 Dex+3 SInv} for 523 gold pieces
 42063 | Vaults:3 | Found a portal to a secret trove of treasure.
 42139 | Vaults:3 | Identified Seilitil's Volume of Dark Feathers
 42275 | Vaults:3 | Reached skill level 15 in Armour
 42393 | Vaults:3 | Found Fiepan's Magic Scroll Shoppe.
 42398 | Vaults:3 | Bought a scroll of teleportation for 36 gold pieces
 42398 | Vaults:3 | Bought a scroll of enchant weapon for 90 gold pieces
 42398 | Vaults:3 | Bought a scroll of teleportation for 36 gold pieces
 42398 | Vaults:3 | Bought a scroll of teleportation for 36 gold pieces
 42700 | Vaults:4 | Received a gift from Okawaru
 44004 | Elf:1    | Entered Level 1 of the Elven Halls
 44398 | Elf:1    | Received a gift from Okawaru
 44407 | Elf:1    | Got a pair of faintly humming gloves {god gift}
 44418 | Elf:1    | Identified the +0 pair of gloves of the Guilds {Str+3 Dex+2} (Okawaru gifted it to you on level 1 of the Elven Halls)
 44778 | Elf:2    | Found a runed gate.
 44778 | Elf:2    | Found a runed gate.
 44779 | Elf:2    | Found a runed gate.
 44809 | Elf:2    | Reached XP level 22. HP: 199/199 MP: 29/29
 45555 | Elf:3    | Entered Level 3 of the Elven Halls
 45776 | Elf:3    | Received a gift from Okawaru
 46010 | Elf:3    | Got a faintly glowing granite ring
 46016 | Elf:3    | Got a translucent broad axe
 46021 | Elf:3    | Identified the Compendium of the Arsonist and Lightness
 46036 | Elf:3    | Identified the +8 broad axe of the Wasp {freeze, rF+ MR+ Str+3} (You found it on level 3 of the Elven Halls)
 46039 | Elf:3    | Identified the cursed ring of Dishonour {AC-2 Str+9} (You found it on level 3 of the Elven Halls)
 47322 | Depths:1 | Entered Level 1 of the Depths
 47397 | Depths:1 | Cast into level 2 of the Abyss (hell knight)
 47461 | Abyss:2  | Received a gift from Okawaru
 47554 | Abyss:3  | Gained mutation: Your spells are a little easier to cast, but a little less powerful. [a neqoxec]
 48137 | Abyss:3  | Gained mutation: You are completely covered in rugged brown scales. (AC +3, +7% HP) [demonic ancestry]
 48137 | Abyss:3  | Reached XP level 23. HP: 204/216 MP: 30/30
 48270 | Abyss:3  | Got an abyssal rune of Zot
 48577 | Abyss:3  | Received a gift from Okawaru
 48582 | Abyss:3  | Got a polished war axe {god gift}
 48583 | Abyss:3  | Identified the +5 war axe "Eraupsoab" {vamp, rPois Str+2} (Okawaru gifted it to you on level 3 of the Abyss)
 48717 | Depths:1 | Escaped the Abyss
 48732 | Depths:1 | Found a gateway to a ziggurat.
 48817 | Depths:1 | Found a one-way gate to the infinite horrors of the Abyss.
 49162 | Vaults:3 | You paid a toll of a +7 demon trident to enter a treasure trove
 49163 | Trove    | Entered a treasure trove
 49210 | Trove    | Identified Sif Muna's Papyrus of Doomed Malediction
 49215 | Trove    | Identified Lom Lobon's Incunabulum of Orientation
 49695 | Depths:1 | Found a gateway to Hell.
 49966 | Depths:1 | Received a gift from Okawaru
 50733 | Depths:2 | Noticed Saint Roka
 50742 | Depths:2 | Received a gift from Okawaru
 50751 | Depths:2 | Killed Saint Roka
 50763 | Depths:2 | Got a pair of distressingly furry gloves {god gift}
 50775 | Depths:2 | Identified the +0 pair of gloves of the Cricket {Str+3 Dex+3} (Okawaru gifted it to you on level 2 of the Depths)
 50924 | Depths:2 | Noticed an ancient lich
 50931 | Depths:2 | Killed an ancient lich
 51140 | Depths:2 | Paralysed by a floating eye for 4 turns
 51162 | Depths:2 | Paralysed by a floating eye for 2 turns
 51807 | Depths:3 | Noticed the Enchantress
 51821 | Depths:3 | Killed the Enchantress
 51821 | Depths:3 | Reached XP level 24. HP: 123/226 MP: 23/31
 51821 | Depths:3 | Noticed Mennas
 51974 | Depths:3 | Killed Mennas
 52196 | Depths:3 | Received a gift from Okawaru
 52199 | Depths:3 | Got a pitted broad axe {god gift}
 52200 | Depths:3 | Identified the +6 broad axe "Puwoinai" {chop, rN+} (Okawaru gifted it to you on level 3 of the Depths)
 52282 | Depths:3 | Found Netuso's Book Shop.
 52658 | Depths:3 | Found a one-way gate leading to the halls of Pandemonium.
 53219 | Depths:4 | Received a gift from Okawaru
 54090 | Depths:5 | Entered Level 5 of the Depths
 54269 | Depths:5 | Found a gate to the Realm of Zot.
 54320 | Depths:5 | Received a gift from Okawaru
 54320 | Depths:5 | Reached skill level 15 in Invocations
 54643 | Depths:5 | Reached XP level 25. HP: 230/236 MP: 34/34
 55383 | Vaults:5 | Entered Level 5 of the Vaults
 55402 | Vaults:5 | Received a gift from Okawaru
 55697 | Vaults:5 | Received a gift from Okawaru
 55813 | Vaults:5 | Found the amulet of Vitality {Regen+ HP+15}
 55825 | Vaults:5 | Got a coiled ivory ring
 55829 | Vaults:5 | Got a crude diamond amulet
 55832 | Vaults:5 | Identified the amulet "Ifuilasy" {Gourm rPois Dex-4 Slay+2} (You found it on level 5 of the Vaults)
 55833 | Vaults:5 | Identified the ring "Veqar" {Str+2 Int+2} (You found it on level 5 of the Vaults)
 55911 | Vaults:5 | Identified Sif Muna's Guide on the Enthralling Entourage
 56086 | Vaults:5 | Got a silver rune of Zot
 56096 | Vaults:5 | Found the +3 sling "Punk" {acid, rCorr}
 57227 | Slime:1  | Entered Level 1 of the Pits of Slime
 57328 | Slime:4  | Gained mutation: You have a beak for a mouth. [a shining eye]
 57330 | Slime:4  | Gained mutation: Your magical capacity is low. (-10% MP) [a shining eye]
 57331 | Slime:4  | Gained mutation: Scrolls take you a little longer to read. [a shining eye]
 57334 | Slime:4  | Gained mutation: You are dopey. (Int -2) [a shining eye]
 57339 | Slime:4  | Lost mutation: You are dopey. (Int -2) [potion of mutation]
 57339 | Slime:4  | Lost mutation: Scrolls take you a little longer to read. [potion of mutation]
 57339 | Slime:4  | Lost mutation: You have a beak for a mouth. [potion of mutation]
 57339 | Slime:4  | Gained mutation: You are resistant to hostile enchantments. (MR+) [potion of mutation]
 57339 | Slime:4  | Gained mutation: You passively map a small area around you. [potion of mutation]
 57339 | Slime:4  | Gained mutation: You are resistant to electric shocks. (rElec) [potion of mutation]
 57351 | Slime:4  | Gained mutation: You are weak. (Str -2) [mutagenic glow]
 57446 | Slime:5  | Entered Level 5 of the Pits of Slime
 57457 | Slime:5  | Received a gift from Okawaru
 57493 | Slime:5  | Noticed the Royal Jelly
 57511 | Slime:5  | Killed the Royal Jelly
 57511 | Slime:5  | Gained mutation: You are completely attuned to the shadows. [demonic ancestry]
 57511 | Slime:5  | Reached XP level 26. HP: 161/250 MP: 30/30
 57772 | Slime:5  | Got a scintillating jade ring
 57783 | Slime:5  | Identified the ring "Porghy" {*Tele Int+4} (You found it on level 5 of the Pits of Slime)
 57851 | Slime:5  | Got a slimy rune of Zot
 57859 | Slime:5  | Got a wavering pewter ring
 57880 | Slime:5  | Identified Sif Muna's Volume of Freezing Dislocation
 57882 | Slime:5  | Identified the ring "Nemohu" {MR+ Int+3 Stlth+} (You found it on level 5 of the Pits of Slime)
 57975 | Slime:1  | Gained mutation: You are frail. (-10% HP) [a shining eye]
 57978 | Slime:1  | Gained mutation: Your natural rate of healing is unusually fast. [a shining eye]
 58368 | Hell     | Entered the Vestibule of Hell
 58377 | Hell     | Noticed Geryon
 58412 | Hell     | Killed Geryon
 58906 | Hell     | Found a gateway to the ashen valley of Gehenna.
 58912 | Geh:1    | Entered Level 1 of Gehenna
 58963 | Geh:1    | Received a gift from Okawaru
 59415 | Geh:1    | Gained mutation: Your magical capacity is very low. (-20% MP) [mutagenic glow]
 59470 | Geh:1    | Gained mutation: You are very frail. (-20% HP) [mutagenic glow]
 59501 | Geh:1    | Received a gift from Okawaru
 59533 | Geh:1    | Gained mutation: Potions are less effective at restoring your health. [mutagenic glow]
 59571 | Geh:1    | Gained mutation: You are very weak. (Str -4) [mutagenic glow]
 59609 | Geh:1    | Gained mutation: You tend to lose your temper in combat. [mutagenic glow]
 59610 | Geh:1    | Received a gift from Okawaru
 60341 | Geh:2    | Gained mutation: Your magical and physical power is greatly enhanced at high health. [demonic ancestry]
 60341 | Geh:2    | Reached XP level 27. HP: 203/208 MP: 27/27
 61802 | Geh:3    | Received a gift from Okawaru
 62971 | Geh:7    | Entered Level 7 of Gehenna
 63362 | Geh:7    | Got a vibrating silver ring
 63373 | Geh:7    | Identified the ring of Gemust {*Drain +Fly rC+ SInv} (You found it on level 7 of Gehenna)
 63480 | Geh:7    | Reached skill level 10 in Dodging
 63491 | Geh:7    | Got a scorched lapis lazuli ring
 63492 | Geh:7    | Identified the ring of Xohi {+Fly rPois Str-4 Dex+3} (You found it on level 7 of Gehenna)
 63883 | Geh:7    | Received a gift from Okawaru
 63940 | Geh:7    | Found the +9 staff of Wucad Mu {channel}
 64099 | Geh:7    | Noticed Asmodeus
 64123 | Geh:7    | Killed Asmodeus
 64141 | Geh:7    | Identified Sif Muna's Incunabulum of Nocuous Snow
 64144 | Geh:7    | Got an obsidian rune of Zot
 64599 | Hell     | Found a gateway to the decaying netherworld of Tartarus.
 64631 | Hell     | Found a gateway to the freezing wastes of Cocytus.
 64700 | Hell     | Found a gateway to the Iron City of Dis.
 64706 | Dis:1    | Entered Level 1 of the Iron City of Dis
 64826 | Dis:2    | Received a gift from Okawaru
 66509 | Dis:7    | Entered Level 7 of the Iron City of Dis
 66542 | Dis:7    | Received a gift from Okawaru
 67261 | Dis:7    | Reached skill level 27 in Fighting
 67538 | Dis:7    | Received a gift from Okawaru
 67734 | Dis:7    | Reached skill level 27 in Axes
 68018 | Dis:7    | Received a gift from Okawaru
 68340 | Dis:7    | Noticed the Serpent of Hell
 68375 | Dis:7    | Killed the Serpent of Hell
 68388 | Dis:7    | Noticed Dispater
 68728 | Dis:7    | Killed Dispater
 68756 | Dis:7    | Received a gift from Okawaru
 68757 | Dis:7    | Got a brightly glowing hat {god gift}
 68768 | Dis:7    | Identified the +0 hat of the Untouchables {+Fly MR++} (Okawaru gifted it to you on level 7 of the Iron City of Dis)
 68813 | Dis:7    | Got an iron rune of Zot
 69220 | Pan      | Entered Pandemonium
 69524 | Pan      | Noticed Xusoetre the pandemonium lord
 69540 | Pan      | Killed Xusoetre the pandemonium lord
 70685 | Pan      | Noticed Orhilyig the pandemonium lord
 70700 | Pan      | Killed Orhilyig the pandemonium lord
 71076 | Pan      | Found an exit through the horrors of the Abyss.
 71326 | Pan      | Noticed Yxoynwei the pandemonium lord
 71338 | Pan      | Killed Yxoynwei the pandemonium lord
 71395 | Pan      | Identified the +5 lajatang of Earthquakes {flame, Dex+4 SInv} (You found it in Pandemonium)
 72151 | Pan      | Noticed Nogg the pandemonium lord
 72161 | Pan      | Killed Nogg the pandemonium lord
 72199 | Pan      | Found an exit through the horrors of the Abyss.
 72543 | Pan      | Noticed Tyfup the pandemonium lord
 72557 | Pan      | Killed Tyfup the pandemonium lord
 72557 | Pan      | Received a gift from Okawaru
 72616 | Pan      | Got a jewelled broad axe {god gift}
 72617 | Pan      | Identified the +5 broad axe of Melee {drain, +Blink rF- rC+ Str+4} (Okawaru gifted it to you in Pandemonium)
 72848 | Pan      | Found an exit through the horrors of the Abyss.
 73244 | Pan      | Received a gift from Okawaru
 73275 | Pan      | Gained mutation: You are extremely frail. (-30% HP) [a neqoxec]
 73330 | Pan      | Noticed Hiclucve the pandemonium lord
 73338 | Pan      | Killed Hiclucve the pandemonium lord
 73356 | Pan      | Got a demonic rune of Zot
 73376 | Pan      | Found an exit through the horrors of the Abyss.
 73663 | Pan      | Noticed Delagyis the pandemonium lord
 73687 | Pan      | Killed Delagyis the pandemonium lord
 73791 | Pan      | Entered the realm of Gloorx Vloq.
 73796 | Pan      | Received a gift from Okawaru
 73807 | Pan      | Noticed Gloorx Vloq
 73824 | Pan      | Killed Gloorx Vloq
 73853 | Pan      | Got a dark rune of Zot
 73946 | Pan      | Lost mutation: Your spells are a little easier to cast, but a little less powerful. [potion of mutation]
 73946 | Pan      | Lost mutation: Your magical capacity is very low. (-20% MP) [potion of mutation]
 73946 | Pan      | Lost mutation: You are resistant to hostile enchantments. (MR+) [potion of mutation]
 73946 | Pan      | Lost mutation: You are very weak. (Str -4) [potion of mutation]
 73946 | Pan      | Gained mutation: Your body sometimes deteriorates upon taking damage. [potion of mutation]
 73946 | Pan      | Lost mutation: Your natural rate of healing is unusually fast. [potion of mutation]
 73946 | Pan      | Gained mutation: You are covered in fur. (AC +1) [potion of mutation]
 73946 | Pan      | Gained mutation: You expend magic power (3 MP) to strengthen your wands. [potion of mutation]
 73947 | Pan      | Lost mutation: You tend to lose your temper in combat. [potion of mutation]
 73947 | Pan      | Lost mutation: You are weak. (Str -2) [potion of mutation]
 73947 | Pan      | Lost mutation: You are extremely frail. (-30% HP) [potion of mutation]
 73947 | Pan      | Lost mutation: Your body sometimes deteriorates upon taking damage. [potion of mutation]
 73947 | Pan      | Gained mutation: You are dopey. (Int -2) [potion of mutation]
 73947 | Pan      | Gained mutation: You are somewhat resistant to further mutation. [potion of mutation]
 74095 | Pan      | Identified the +1 chain mail of Wiezoeg {+Fly rPois MR- Stlth+} (You found it in Pandemonium)
 74572 | Pan      | Entered the realm of Cerebov.
 74851 | Pan      | Noticed Cerebov
 74892 | Pan      | Killed Cerebov
 74892 | Pan      | Received a gift from Okawaru
 74927 | Pan      | Got a fiery rune of Zot
 75154 | Pan      | Identified the cursed +1 plate armour of Parlour Games {Int+3 Slay+3} (You found it in Pandemonium)
 75308 | Pan      | Found an exit through the horrors of the Abyss.
 75344 | Pan      | Found an exit through the horrors of the Abyss.
 75589 | Pan      | Entered the realm of Mnoleg.
 75798 | Pan      | Received a gift from Okawaru
 75827 | Pan      | Gained mutation: Your body sometimes deteriorates upon taking damage. [a neqoxec]
 75914 | Pan      | Noticed Mnoleg
 75929 | Pan      | Killed Mnoleg
 75933 | Pan      | Reached skill level 1 in Spellcasting
 75955 | Pan      | Got a glowing rune of Zot
 75976 | Pan      | Learned a level 8 spell: Necromutation
 75993 | Pan      | Reached skill level 1 in Necromancy
 75995 | Pan      | Reached skill level 1 in Transmutations
 76268 | Pan      | Got a pair of encrusted gloves
 76269 | Pan      | Identified the -2 pair of gloves of the King of the Hill {rC- Int+7} (You acquired it in Pandemonium)
 76448 | Pan      | Gained mutation: You are very dopey. (Int -4) [a cacodemon]
 76659 | Pan      | Reached skill level 5 in Necromancy
 76676 | Pan      | Noticed Etietirch the pandemonium lord
 76694 | Pan      | Killed Etietirch the pandemonium lord
 76694 | Pan      | Reached skill level 5 in Spellcasting
 76844 | Pan      | Reached skill level 5 in Transmutations
 76860 | Pan      | Identified the Papyrus of the Bewitching Frostbite
 76909 | Pan      | Entered the realm of Lom Lobon.
 77113 | Pan      | Received a gift from Okawaru
 77351 | Pan      | Noticed Lom Lobon
 77393 | Pan      | Killed Lom Lobon
 77550 | Pan      | Got a magical rune of Zot
 77829 | Pan      | Found an exit through the horrors of the Abyss.
 77835 | Pan      | Took an exit into the Abyss.
 77835 | Abyss:1  | Escaped into the Abyss
 77843 | Abyss:1  | Found a corrupted altar of Lugonu.
 78019 | Abyss:1  | Noticed an ancient lich
 78030 | Abyss:1  | Received a gift from Okawaru
 78032 | Abyss:1  | Killed an ancient lich
 78036 | Abyss:1  | Got an ancient war axe {god gift}
 78038 | Depths:3 | Escaped the Abyss
 78425 | Coc:1    | Entered Level 1 of Cocytus
 78648 | Coc:1    | Reached skill level 10 in Necromancy
 78993 | Coc:3    | Received a gift from Okawaru
 79635 | Coc:6    | Reached skill level 10 in Spellcasting
 79741 | Coc:6    | Reached skill level 10 in Transmutations
 79807 | Coc:7    | Entered Level 7 of Cocytus
 80091 | Coc:7    | Gained mutation: You occasionally shout uncontrollably at your foes. [mutagenic glow]
 80165 | Coc:7    | Received a gift from Okawaru
 80174 | Coc:7    | HP: 5/215 [Ice Fiend/bolt of cold (10)]
 80176 | Coc:7    | Killed from afar by a blizzard demon

Vault maps used:
D:1:      scummos_arrival_simple_fountains
D:2:      serial_glass, glass_columns_b, glass_columns_a,
          fedhas_altar_fruit_tree, uniq_natasha
D:3:      ashenzari_altar_1, uniq_robin
D:4:      black_bear_nest_2, first_ration
D:5:      serial_park_tiny_1
D:6:      lemuel_upstairs_altar, minmay_temple_entry_trees
D:7:      grunt_decor_mini_mirrors, grunt_livestock
D:8:      enter_bailey_2
D:9:      cheibrodos_frozen_isle
D:10:     david_lair_generic, lemuel_tele_altar
D:11:     minmay_the_grid_triangle_9x9_recursive_2, serial_shops,
          nicolae_shop_window_shopping
D:13:     hangedman_screamer, david_vaults_1, minmay_misc_feat_encased
D:14:     grunt_decor_one_mirror, ebering_ghost_disaster_area,
          lemuel_oklob_altar
D:15:     gammafunk_enter_depths_forms, serial_shops, shop, minivault_4,
          cheibriados_altar_1
Temple:   nicolae_temple_the_god_donut
Lair:1:   grunt_megastairs_3, uniq_fannar, uniq_gastronok
Lair:2:   spider_nest_entry_web_field, grunt_megastairs_5,
          minmay_lair_oklob_chamber, uniq_urug
Lair:3:   minmay_swamp_entry_reptiles, lab_entry_generic,
          nicolae_volcano_entry_batcave, lemuel_fruit_tree
Lair:4:   minivault_26, st_stairs_12
Lair:5:   dpeg_slime_entry_corner, basic_altar, uniq_snorg
Lair:6:   hangedman_lair_in_review, st_stairs_5, serial_bayou_lagoon_a,
          wad_woods_river_03
Swamp:1:  gammafunk_its_a_trap, hangedman_swamp_lotus
Swamp:2:  evilmike_swamp_ruin_house_4, swamp_pool3
Swamp:3:  evilmike_swamp_ruin_house_3, infiniplex_staircase_pool_2
Swamp:4:  swamp, swamp_pool2, nicolae_swamp_round_clearing,
          nicolae_swamp_orc_logging_accident
Spider:3: uniq_azrael, uniq_asterion
Spider:4: floodkiller_spider_rune_tomb, gammafunk_ghost_cemetery
Slime:1:  cheibrodos_slime_lost_civilization_9
Slime:3:  cheibrodos_slime_lost_civilization_5
Orc:1:    uniq_nergalle
Orc:2:    st_orc_rangers, serial_shops, shop
Elf:1:    eino_elf_arrival_customs, minivault_28
Elf:2:    grunt_ministairs_1, spider_trap
Elf:3:    minmay_elf_hall_not_hex
Vaults:1: v_misc_22, nicolae_vaults_what_the_h, vaults_room_grid,
          vaults_room_glass_cross, v_misc_16, nicolae_vaults_border_crossing,
          nicolae_vaults_angled_halls, ontoclasm_vaults_twist, v_pattern_4,
          v_rooms_2, v_misc_12, vaults_dpeg_ring, infiniplex_enter_wizlab_water
Vaults:2: st_spiral_rooms, nicolae_vaults_diagonal_hallway_9, v_misc_12,
          vaults_room_semicircle, v_misc_32, v_misc_30, v_misc_29,
          ontoclasm_vaults_gateway, minmay_crypt_entry_simple_box, uniq_xtahua
Vaults:3: v_misc_5, v_misc_14, grunt_vaults_hallway_long, st_quartered_hall,
          grunt_vaults_swirl, v_alt_pattern_4, v_pattern_2,
          nicolae_vaults_circle_grid_b, hangedman_vaults_cutoff,
          ontoclasm_vaults_decontamination, ontoclasm_vaults_hangar,
          serial_shops, statue_bzr, shop, nicolae_shop_waterfront, shop, shop,
          nicolae_trove_entry_diagonal
Vaults:4: st_lines, vaults_room_ringed_pool,
          vaults_standard_mumra_enter_the_diamond,
          nicolae_vaults_twisting_passages, ontoclasm_vaults_fault,
          nicolae_vaults_network_barrier, nicolae_vaults_little_squares_6,
          v_misc_12, vaults_dpeg_cross, v_misc_18, v_misc_28,
          nicolae_vaults_shelves_hall, serial_shops, freezing_bzr
Depths:1: cheibrodos_tormentor_scu, enter_ziggurat_f, pf_coc_iceberg,
          abyss_entry, hangedman_devilish_allure
Depths:2: lemuel_river_lethe, hell_entry, abyss_entry, uniq_saint_roka
Depths:3: wad_cavern_with_rooms, serial_shops, nicolae_shop_trees, pan_entry,
          grunt_hell_entry_dis_old, minmay_misc_feat_room,
          kennysheep_generic_room_6, uniq_mennas, uniq_enchantress
Depths:4: lemuel_troll_bridge, abyss_entry_small_statue_room,
          roderic_roman_lattice, pf_hell_entry_tar_spiral, item_on_display_a,
          infiniplex_staircase_zigzag_1
Depths:5: evilmike_zot_entry_argh, hangedman_abyss_entry_splay, hell_entry,
          hangedman_abyss_or_decor_lesser_grid, minmay_misc_feat_plants
Dis:1:    nrook_loot_triangle
Dis:5:    lightli_tower_of_babel
Dis:6:    lemuel_elevator
Dis:7:    iron_city_of_dis, hangedman_dis_chains
Geh:5:    nicolae_geh_sunburst, hangedman_gehenna_grave_pits
Geh:6:    lemuel_flamethrower_3
Geh:7:    geh_grunt
Coc:7:    coc_hangedman
Abyss:3:  guppyfry_abyss_exit_glass_guarded,
          hangedman_abyss_or_decor_lesser_grid, nicolae_abyss_rune_star_stuff,
          guppyfry_abyss_exit_imp_island
Pan:      evilmike_mini_pan_thingy, rand_demon_1, pan_blood_fountain_small,
          lemuel_hellion_island, evilmike_mini_pan_V, rand_demon_3,
          grunt_pan_sceptre, pan_blood_fountain, evilmike_mini_pan_corner,
          pan_blood_fountain, pan_blood_fountain_small,
          nicolae_pan_cerebovesque_3, evilmike_mini_pan_T,
          nicolae_pan_lom_lobonic_1, gloorx_vloq, evilmike_mini_pan_V,
          evilmike_mini_pan_corridor, evilmike_mini_pan_corner,
          grunt_pan_sceptre, pan_blood_fountain_small,
          nicolae_pan_cerebovesque_4, evilmike_cerebov_lava,
          reaverb_pan_chaos_star, grunt_pan_sceptre, pan_blood_fountain,
          nicolae_pan_sigil_eeng, nicolae_pan_cerebovesque_2,
          evilmike_mini_pan_pillars, mnoleg_st, special_room,
          evilmike_mini_pan_diamond, rand_demon_5, nicolae_pan_lom_lobonic_4,
          evilmike_mini_pan_doors_b, rand_demon_1, lom_lobon_spiral_st,
          nicolae_pan_sigil_eeng, grunt_pan_pentagram,
          nicolae_pan_gloorx_vloqian_3
Bazaar:   bazaar_minmay_row
Trove:    trove_books_scrolls
Volcano:  pf_volcano_lost_world
WizLab:   wizlab_doroklohe

Skill      XL: |  1  2  3  4  5  6  7  8  9 10 11 12 13 14 15 16 17 18 19 20 21 22 23 24 25 26 27 |
---------------+----------------------------------------------------------------------------------+-----
Axes           | 2 3 4 6 8 10 12 13 14 15 16 17 18 19 20 22 23 24 25 27 | 27.0
Shields        | 3 4 5 7 8 9 10 13 15 17 23 | 23.0
Armour         | 3 4 5 6 7 8 9 10 11 12 13 15 16 23 | 23.0
Fighting       | 4 5 7 8 10 11 12 14 16 17 18 19 20 21 22 23 24 25 27 | 27.0
Invocations    | 3 6 7 10 11 15 | 15.0
Evocations     | 4 5 |  5.0
Dodging        | 5 6 10 | 10.2
Spellcasting   | 10 | 10.0
Necromancy     | 13 | 13.6
Transmutations | 11 | 11.6

Action                   |  1- 3 |  4- 6 |  7- 9 | 10-12 | 13-15 | 16-18 | 19-21 | 22-24 | 25-27 || total
-------------------------+-------+-------+-------+-------+-------+-------+-------+-------+-------++-------
Melee: War axe           |   125 |   176 |   346 |   591 |  1250 |  1234 |   893 |       |       ||  4615
       Kick              |       |    44 |    97 |   231 |    72 |   625 |   989 |   662 |  2591 ||  5311
       Broad axe         |       |       |       |       |   161 |    24 |   780 |  1260 |  4652 ||  6877
       Peck              |       |       |       |       |       |       |       |       |     1 ||     1
Invok: Heroism           |       |       |     1 |    17 |    27 |    12 |    14 |     7 |    24 ||   102
       Finesse           |       |       |       |       |     3 |     3 |     1 |     3 |    27 ||    37
 Abil: Stop Flying       |       |       |       |       |     1 |       |       |       |       ||     1
Evoke: Wand              |       |       |       |    12 |       |    10 |       |     3 |     1 ||    26
       Lightning rod     |       |       |       |     7 |       |     8 |       |       |       ||    15
       Staff of Dispater |       |       |       |       |       |       |       |       |     1 ||     1
  Use: Potion            |       |     1 |       |     1 |     1 |     1 |       |     5 |    29 ||    38
       Scroll            |       |     6 |     2 |     9 |    21 |     5 |     6 |    15 |    48 ||   112
 Stab: Paralysed         |       |       |       |     9 |       |       |       |       |       ||     9
       Petrified         |       |       |       |       |     7 |       |       |       |       ||     7
       Petrifying        |       |       |       |       |     1 |       |       |       |       ||     1
       Confused          |       |       |       |       |       |     2 |       |       |       ||     2
       Distracted        |       |       |       |       |       |       |     1 |       |     8 ||     9
  Eat: Chunk             |     2 |     7 |    12 |    18 |    36 |    27 |    35 |    29 |    15 ||   181
       Ration            |       |       |       |     5 |       |       |     1 |     1 |    21 ||    28
Armor: Scale mail        |    29 |       |       |       |       |       |       |       |       ||    29
       Chain mail        |    98 |   102 |    87 |       |       |       |       |       |       ||   287
       Plate armour      |       |       |   123 |   262 |   433 |   400 |   408 |   370 |       ||  1996
       Gold dragon scale |       |       |       |       |       |       |       |    20 |  1267 ||  1287
       Skin              |       |       |       |       |       |       |       |       |     7 ||     7
Dodge: Dodged            |    48 |    37 |    58 |    97 |   434 |   582 |   364 |   240 |  1001 ||  2861
Block: Shield            |    92 |    91 |   178 |   249 |   605 |   775 |    26 |       |   546 ||  2562
       Large shield      |       |       |       |       |       |       |  1240 |  1148 |  3432 ||  5820
       Reflection        |       |       |       |       |       |       |       |       |    31 ||    31

Table legend:
 A = Spawn XP
 B = Non-spawn XP
 C = Spawn XP percentage of total XP
 D = Spawn monster count
 E = Non-spawn monster count
 F = Spawn count percentage of total count
 G = Total turns spent on level
                    A         B        C        D         E        F      G
               +---------+---------+-------+---------+---------+-------+---------
         Total |  118499 | 2634317 |   4.3 |     183 |    4052 |   4.3 | 80176
               +---------+---------+-------+---------+---------+-------+---------
           D:1 |       0 |      27 |   0.0 |       0 |      16 |   0.0 |   782
           D:2 |       0 |     121 |   0.0 |       0 |      20 |   0.0 |  1107
           D:3 |       0 |     139 |   0.0 |       0 |      36 |   0.0 |  1193
           D:4 |       0 |     652 |   0.0 |       0 |      27 |   0.0 |  1085
           D:5 |       0 |     149 |   0.0 |       0 |      10 |   0.0 |   892
           D:6 |       0 |    1193 |   0.0 |       0 |      21 |   0.0 |  1361
           D:7 |       0 |    1742 |   0.0 |       0 |      19 |   0.0 |   640
           D:8 |       0 |    4408 |   0.0 |       0 |      39 |   0.0 |   815
           D:9 |       0 |    1691 |   0.0 |       0 |      23 |   0.0 |  1373
          D:10 |       0 |    1099 |   0.0 |       0 |      11 |   0.0 |   930
          D:11 |       0 |    8920 |   0.0 |       0 |      37 |   0.0 |  1479
          D:12 |       0 |    5043 |   0.0 |       0 |      40 |   0.0 |   994
          D:13 |       0 |   19984 |   0.0 |       0 |      80 |   0.0 |  1704
          D:14 |       0 |   16654 |   0.0 |       0 |      44 |   0.0 |  1223
          D:15 |       0 |   24516 |   0.0 |       0 |      62 |   0.0 |  1742
        Lair:1 |       0 |    5101 |   0.0 |       0 |      13 |   0.0 |  1616
        Lair:2 |       0 |   10479 |   0.0 |       0 |      34 |   0.0 |  1834
        Lair:3 |       0 |    7081 |   0.0 |       0 |      25 |   0.0 |   828
        Lair:4 |       0 |    3187 |   0.0 |       0 |      14 |   0.0 |  1144
        Lair:5 |       0 |   16826 |   0.0 |       0 |      59 |   0.0 |  1791
        Lair:6 |       0 |   16634 |   0.0 |       0 |      39 |   0.0 |  1632
       Swamp:1 |       0 |   13546 |   0.0 |       0 |      38 |   0.0 |   960
       Swamp:2 |       0 |   11208 |   0.0 |       0 |      30 |   0.0 |  1079
       Swamp:3 |       0 |   16513 |   0.0 |       0 |      34 |   0.0 |  1010
       Swamp:4 |       0 |   48549 |   0.0 |       0 |      87 |   0.0 |  1750
      Spider:1 |       0 |   15567 |   0.0 |       0 |      53 |   0.0 |  1394
      Spider:2 |       0 |   12281 |   0.0 |       0 |      38 |   0.0 |   816
      Spider:3 |       0 |   24866 |   0.0 |       0 |      45 |   0.0 |   859
      Spider:4 |       0 |   57893 |   0.0 |       0 |     112 |   0.0 |  1959
       Slime:1 |       0 |     880 |   0.0 |       0 |       4 |   0.0 |    33
       Slime:2 |       0 |    6084 |   0.0 |       0 |       7 |   0.0 |    46
       Slime:3 |       0 |    5748 |   0.0 |       0 |       9 |   0.0 |    48
       Slime:4 |       0 |    3006 |   0.0 |       0 |       9 |   0.0 |   317
       Slime:5 |       0 |   34239 |   0.0 |       0 |      18 |   0.0 |   311
         Orc:1 |       0 |    6123 |   0.0 |       0 |      42 |   0.0 |   656
         Orc:2 |       0 |    7266 |   0.0 |       0 |      71 |   0.0 |   908
         Elf:1 |       0 |   22568 |   0.0 |       0 |      39 |   0.0 |   730
         Elf:2 |       0 |   40302 |   0.0 |       0 |      55 |   0.0 |   879
         Elf:3 |       0 |   61841 |   0.0 |       0 |      62 |   0.0 |  1494
      Vaults:1 |       0 |   58946 |   0.0 |       0 |     106 |   0.0 |  1653
      Vaults:2 |       0 |   51270 |   0.0 |       0 |      85 |   0.0 |  1541
      Vaults:3 |       0 |   59419 |   0.0 |       0 |      84 |   0.0 |  1641
      Vaults:4 |       0 |   45231 |   0.0 |       0 |      68 |   0.0 |  1313
      Vaults:5 |       0 |  136740 |   0.0 |       0 |     107 |   0.0 |  1492
      Depths:1 |       0 |   43304 |   0.0 |       0 |      59 |   0.0 |  1705
      Depths:2 |       0 |   72329 |   0.0 |       0 |     128 |   0.0 |  1536
      Depths:3 |      93 |   65264 |   0.1 |       1 |      70 |   1.4 |  1244
      Depths:4 |       0 |   32292 |   0.0 |       0 |      41 |   0.0 |  1136
      Depths:5 |       0 |   71827 |   0.0 |       0 |      60 |   0.0 |   987
          Hell |       0 |   66579 |   0.0 |       0 |      97 |   0.0 |   676
         Dis:1 |       0 |    6456 |   0.0 |       0 |      12 |   0.0 |    69
         Dis:2 |       0 |   17175 |   0.0 |       0 |      36 |   0.0 |   307
         Dis:3 |       0 |   14478 |   0.0 |       0 |      23 |   0.0 |   247
         Dis:4 |       0 |    2805 |   0.0 |       0 |       4 |   0.0 |    26
         Dis:5 |       0 |   16717 |   0.0 |       0 |      25 |   0.0 |   263
         Dis:6 |       0 |   30100 |   0.0 |       0 |      51 |   0.0 |   891
         Dis:7 |       0 |  212073 |   0.0 |       0 |     174 |   0.0 |  2503
         Geh:1 |       0 |   78112 |   0.0 |       0 |     144 |   0.0 |  1186
         Geh:2 |       0 |   37980 |   0.0 |       0 |      91 |   0.0 |  1009
         Geh:3 |       0 |   41835 |   0.0 |       0 |     125 |   0.0 |   710
         Geh:4 |       0 |   19658 |   0.0 |       0 |      42 |   0.0 |   238
         Geh:5 |       0 |    2614 |   0.0 |       0 |      11 |   0.0 |   129
         Geh:6 |       0 |   34667 |   0.0 |       0 |      54 |   0.0 |   787
         Geh:7 |       0 |  107184 |   0.0 |       0 |     113 |   0.0 |  1586
         Coc:1 |       0 |   34118 |   0.0 |       0 |      40 |   0.0 |   355
         Coc:2 |       0 |    1016 |   0.0 |       0 |       4 |   0.0 |   113
         Coc:3 |       0 |   10851 |   0.0 |       0 |      16 |   0.0 |   180
         Coc:4 |       0 |    5462 |   0.0 |       0 |      11 |   0.0 |   184
         Coc:5 |       0 |   37462 |   0.0 |       0 |      53 |   0.0 |   330
         Coc:6 |       0 |   29856 |   0.0 |       0 |      40 |   0.0 |   220
         Coc:7 |       0 |   55961 |   0.0 |       0 |      69 |   0.0 |   369
       Abyss:1 |   19580 |   12934 |  60.2 |      17 |      11 |  60.7 |   203
       Abyss:2 |    2298 |    3143 |  42.2 |       1 |       3 |  25.0 |    73
       Abyss:3 |   24784 |   38169 |  39.4 |      52 |      63 |  45.2 |  1247
           Pan |   71744 |  522227 |  12.1 |     112 |     464 |  19.4 |  8615
       Volcano |       0 |    9690 |   0.0 |       0 |      27 |   0.0 |   936
        WizLab |       0 |   14247 |   0.0 |       0 |      19 |   0.0 |   666
               +---------+---------+-------+---------+---------+-------+---------
